 Dungeon Crawl Stone Soup version 0.18.1-50-g88ac8fd (webtiles) character file.

110 Iflex the Ducker (level 4, -6/34 HPs)
             Began as a Merfolk Gladiator on Oct 6, 2016.
             Killed by divine providence
             ... invoked by an orc priest
              (16 damage)
             ... on level 3 of the Dungeon.
             The game lasted 00:03:40 (1795 turns).

Iflex the Ducker (Merfolk Gladiator)                Turns: 1795, Time: 00:03:41

Health: -6/34      AC:  4    Str: 16    XL:     4   Next: 91%
Magic:  4/4        EV: 14    Int:  7    God:
Gold:   56         SH:  0    Dex: 14    Spells: 0 memorised, 3 levels left

rFire  . . .     SeeInvis .     a - +0 trident
rCold  + . .     Gourm    .     b - +0 leather armour
rNeg   . . .     Faith    .     (no shield)
rPois  .         Spirit   .     c - +0 helmet
rElec  .         Dismiss  .     (no cloak)
rCorr  .         Reflect  .     (no gloves)
SustAt .         Harm     .     (no boots)
MR     .....                    (no amulet)
Stlth  +.........               (no ring)
                                m - ring of protection from cold

@: not resistant to hostile enchantments, very unstealthy
A: change form in water, swift swim
a: no special abilities


You were on level 3 of the Dungeon.
You were not hungry.

You visited 1 branch of the dungeon, and saw 3 of its levels.

You collected 56 gold pieces.

Inventory:

Hand Weapons
 a - a +0 trident (weapon)
Missiles
 d - 3 throwing nets (quivered)
Armour
 b - a +0 leather armour (worn)
 c - a +0 helmet (worn)
Jewellery
 m - a ring of protection from cold (left hand)
Scrolls
 e - a scroll of remove curse
 j - a scroll of fear
Potions
 h - a potion of ambrosia {unknown}
 i - a potion of cancellation {unknown}
 k - a potion of heal wounds
 l - a potion of cure mutation {unknown}
 n - a potion of curing {unknown}
Comestibles
 f - 3 bread rations


   Skills:
 + Level 2.9 Fighting
 + Level 5.3 Polearms
 + Level 2.2 Throwing
 + Level 0.7 Armour
 + Level 5.7 Dodging
 + Level 0.2 Stealth


You had 3 spell levels left.
You didn't know any spells.

Dungeon Overview and Level Annotations

Branches:
Dungeon (3/15)

Altars:
Dithmenos
Fedhas
Pakellas
Yredelemnul


Message History

You hit the orc priest.
The orc priest is moderately wounded.
The orc hits you with a short sword. The orc priest hits you.
The orc priest miscasts a cantrip.
You puncture the orc priest!
The orc priest is almost dead.
The orc hits you but does no damage.
The orc priest hits you but does no damage.
You closely miss the orc priest.
The orc priest is almost dead.
The orc hits you but does no damage.
The orc priest invokes the aid of Beogh against you.
You barely resist. The orc hits you.
* * * LOW HITPOINT WARNING * * *
The orc hits you but does no damage.
You barely miss the orc priest.
The orc priest is almost dead.
The orc priest invokes the aid of Beogh against you.
Beogh smites you!
You die...

# # .#.# #.
.#.##
##.#####.....
#..$.........
#...o........
#@o..# #oo..#
#oo###
#.......#
#.........
#.#o##.##...
#..o ..#
..... ### ###
.... ....


You could see 2 orc priests and 4 orcs.

Vanquished Creatures
  4 adders (D:2)
  2 worms (D:2)
  2 dart slugs (D:2)
  2 giant geckos (D:1)
  2 orcs (D:2)
  A ball python (D:1)
  2 giant cockroaches
  7 goblins
  9 hobgoblins
  6 jackals (D:1)
  6 kobolds
  A quokka (D:2)
  5 bats
  A giant newt (D:1)
  7 rats
57 creatures vanquished.

Notes
Turn   | Place    | Note
--------------------------------------------------------------
     0 | D:1      | Iflex the Merfolk Gladiator began the quest for the Orb.
     0 | D:1      | Reached XP level 1. HP: 16/16 MP: 1/1
    90 | D:1      | Reached XP level 2. HP: 19/22 MP: 2/2
   554 | D:1      | Reached XP level 3. HP: 28/28 MP: 3/3
   752 | D:1      | Reached skill level 5 in Polearms
   871 | D:2      | Reached skill level 5 in Dodging
   871 | D:2      | Reached XP level 4. HP: 29/34 MP: 4/4
  1095 | D:2      | Found a shadowy altar of Dithmenos.
  1179 | D:2      | Found an oddly glowing altar of Pakellas.
  1200 | D:2      | Found a basalt altar of Yredelemnul.
  1201 | D:2      | Found a blossoming altar of Fedhas.
  1795 | D:3      | Killed from afar by an orc priest

Skill      XL: |  1  2  3 |
---------------+----------+-----
Polearms       | 5 |  5.3
Dodging        | 5 |  5.7
Fighting       | |  2.9
Throwing       | |  2.2
Armour         | |  0.7
Stealth        | |  0.2

Action                   |  1- 3 |  4- 6 || total
-------------------------+-------+-------++-------
Melee: Trident           |   102 |    95 ||   197
  Use: Scroll            |       |     3 ||     3
       Potion            |       |     1 ||     1
 Stab: Sleeping          |       |     2 ||     2
  Eat: Bread ration      |       |     1 ||     1
Armor: Leather armour    |    18 |    17 ||    35
Dodge: Dodged            |    72 |    51 ||   123
